 Dungeon Crawl Stone Soup version 0.28-a0-1435-g82390b3a13 (webtiles) character file.

Game seed: 6346757822786361154

203 Hasart the Ducker (level 5, 0/37 HPs)
             Began as an Octopode Fighter on Jan 10, 2022.
             Slain by a sky beast (5 damage)
             ... on level 4 of the Dungeon.
             The game lasted 00:03:58 (2669 turns).

Hasart the Ducker (Octopode Fighter)                Turns: 2669, Time: 00:03:59

Health: 0/37       AC:  1    Str: 18    XL:     5   Next: 81%
Magic:  5/5        EV: 13    Int: 10    God:
Gold:   171        SH:  4    Dex: 11    Spells: 4/4 levels left

rFire   . . .      SeeInvis .   a - +0 trident
rCold   . . .      Faith    .   b - +0 buckler
rNeg    . . .      Spirit   .   (helmet restricted)
rPois   .          Reflect  .   (no amulet)
rElec   .          Harm     .   (no ring)
rCorr   .          Rampage  .   (no ring)
Will    .....                   (no ring)
Stlth   ++........              (no ring)
HPRegen 0.12/turn               (no ring)
MPRegen 0.09/turn               (no ring)
                                (no ring)
                                (no ring)

@: no status effects
A: almost no armour, amphibious, 8 rings, camouflage 1, gelatinous body 1,
(nimble swimmer 1), tentacles
a: no special abilities


You were on level 4 of the Dungeon.
You visited 1 branch of the dungeon, and saw 4 of its levels.

You collected 171 gold pieces.

Inventory:

Hand Weapons
 a - a +0 trident (weapon)
Missiles
 d - 8 poisoned darts (quivered)
Armour
 b - a +0 buckler (worn)
Scrolls
 e - 2 scrolls of identify
 g - a scroll of magic mapping
Potions
 c - a potion of might
 f - a potion of haste {unknown}
 h - a potion of curing
 k - 2 potions of attraction {unknown}
 m - a potion of brilliance {unknown}


   Skills:
 + Level 3.6 Fighting
 * Level 3.6 Polearms
 + Level 2.0 Throwing
 + Level 3.8 Dodging
 + Level 3.7 Shields


You had 4 spell levels left.
You didn't know any spells.
Your spell library contained the following spells:

 Spells                   Type           Power      Damage    Failure   Level
 Pain                     Necr           0%         1d4       45%         1
 Gell's Gravitas          Tloc           0%         N/A       83%         3
 Teleport Other           Tloc           0%         N/A       83%         3
 Agony                    Necr           0%         N/A       100%        5
 Excruciating Wounds      Necr           0%         N/A       100%        5
 Dispersal                Tloc           0%         N/A       100%        6


Dungeon Overview and Level Annotations

Branches:
Dungeon (4/15)
 Temple: D:4-7

Altars:

Annotations:
D:3 Grinder


Innate Abilities, Weirdness & Mutations

You cannot wear most types of armour.
You are amphibious.
You can wear up to eight rings at the same time.
Your skin changes colour to match your surroundings (Stealth+).
Your rubbery body absorbs attacks. (AC +1, EV +1)
((You are camouflaged when in or above water. (Stealth+)))
You have tentacles for arms and can constrict up to eight enemies at once.


Message History

You hit the sky beast. Your squeeze misses the sky beast.
The sky beast is lightly wounded.
The sky beast hits you but does no damage.
The sky beast flickers out of sight!
Deactivating autopickup; reactivate with Ctrl-A.
Something hits you. Something shocks you.
You closely miss something. Something barely misses you.
A sky beast appears from thin air!
Reactivating autopickup.
You miss the sky beast. You squeeze the sky beast!
The sky beast is moderately wounded.
The sky beast flickers out of sight!
Deactivating autopickup; reactivate with Ctrl-A.
Something hits you. Something shocks you.
A sky beast appears from thin air!
Reactivating autopickup.
The sky beast flickers out of sight!
Deactivating autopickup; reactivate with Ctrl-A.
Something hits you. Something shocks you.
A sky beast appears from thin air!
Reactivating autopickup.
You reach to attack!
You puncture the sky beast!
The sky beast is heavily wounded.
The sky beast hits you. The sky beast shocks you.
You hit the sky beast.
The sky beast is heavily wounded.
The sky beast barely misses you.
You miss the sky beast.
The sky beast is heavily wounded.
The sky beast completely misses you.
You hit the sky beast.
The sky beast is severely wounded.
The sky beast hits you.
* * * LOW HITPOINT WARNING * * *
The sky beast shocks you.
* * * LOW HITPOINT WARNING * * *
You closely miss the sky beast. Your squeeze misses the sky beast.
The sky beast is severely wounded.
The sky beast hits you.
You die...

#.#...## #.#.†.##
############# #.#.....
#...........####.#...##
#.....<..............##
#..........≈####.######
#...........# ...#
#..[........##...#
#...[.@Y....##...#
#...........##...#
#................#
#...........#.####
#...........#.#
#...........# #
#############


You could see a sky beast.

Vanquished Creatures
  A scorpion (D:4)
  A hound (D:4)
  An adder (D:3)
  4 gnolls
  A dart slug (D:1)
  2 orcs
  7 ball pythons
  3 endoplasms
  4 giant cockroaches
  8 goblins
  9 hobgoblins
  5 kobolds
  2 quokkas
  6 bats
  5 frilled lizards
  9 rats
68 creatures vanquished.

Vanquished Creatures (others)
  11 toadstools (D:4)
11 creatures vanquished.

Grand Total: 79 creatures vanquished

Notes
Turn   | Place    | Note
-------+----------+-------------------------------------------
     0 | D:1      | Hasart the Octopode Fighter began the quest for the Orb.
     0 | D:1      | Reached XP level 1. HP: 16/16 MP: 1/1
    90 | D:1      | Reached XP level 2. HP: 19/21 MP: 2/2
   288 | D:1      | Reached XP level 3. HP: 26/26 MP: 3/3
   554 | D:1      | Found a faded altar of an unknown god.
   888 | D:2      | Reached skill level 1 in Throwing
  1054 | D:2      | Reached XP level 4. HP: 20/31 MP: 4/4
  2001 | D:3      | Noticed Grinder
  2308 | D:4      | Reached XP level 5. HP: 35/36 MP: 5/5
  2624 | D:4      | Noticed a sky beast
  2669 | D:4      | Slain by a sky beast

Illustrated notes

Levels and vault maps discovered:
D:1:      onia_arrival_mini_spirals, layout_loops_ring,
          hellmonk_ecumenical_altar_blasted, minmay_hexomino_f4
D:2:      layout_rooms
D:3:      layout_loops_corners, nzn_hepliaklqana_mist_gate,
          cheibrodos_sewer_entry_sluice, minmay_starry_boxes, uniq_grinder
D:4:      cheibrodos_fertilizer, layout_basic, lemuel_coloured_pillars_altar,
          minmay_misc_feat_rugged

Skill      XL: |  1  2  3  4  5 |
---------------+----------------+-----
Throwing       | 1 2 |  2.0
Polearms       | 3 |  3.6
Fighting       | |  3.6
Dodging        | |  3.8
Shields        | |  3.7

Action                   |  1- 3 |  4- 6 || total
-------------------------+-------+-------++-------
Melee: Trident           |    80 |    64 ||   144
       Constrict         |    18 |    11 ||    29
       Tentacles         |    15 |     9 ||    24
  Use: Scroll            |     6 |       ||     6
 Stab: Sleeping          |     7 |     7 ||    14
Armor: Skin              |     5 |     1 ||     6
Dodge: Dodged            |    31 |    24 ||    55
Block: Buckler           |    14 |     7 ||    21

Table legend: (Time is in decaauts)
 A = Elapsed time spent in this place.
 B = Non-inter-level travel time spent in this place.
 C = Inter-level travel time spent in this place.
 D = Time resting spent in this place.
 E = Time spent auto-exploring this place.
 F = Levels seen in this place.
 G = Mean time per level.
                   A        B        C        D        E       F      G
               +--------+--------+--------+--------+--------+-----+--------+
         Total |   2702 |   2651 |     51 |    434 |   1703 |   4 |  675.5 |
       Dungeon |   2702 |   2651 |     51 |    434 |   1703 |   4 |  675.5 |
               +--------+--------+--------+--------+--------+-----+--------+

Top non-repeatable levels by time:
     D:1: 976 daAuts
     D:2: 768 daAuts
     D:4: 643 daAuts
     D:3: 314 daAuts
